[Event "Titled Tuesday Blitz March 15 Late 2022"]
[White "Araujo Filho, Luiz Antonio Coel"]
[Black "Brunner, Nicolas"]
[WhiteFideId "2130661"]
[BlackFideId "620246"]
[WhiteElo "2231"]
[BlackElo "2372"]
[Result "1/2-1/2"]
[Round "08"]
[TimeControl "180+1"]
[Date "2022.03.16"]
[WhiteClock "0:00:07"]
[BlackClock "0:00:13"]

1. d4 d5 2. Nf3 Nf6 3. e3 c6 4. Nbd2 Bg4 5. b3 Nbd7 6. Bb2 e6 7. Be2 Bd6 8. O-O O-O 9. c4 Re8 10. Ne5 Bf5 11. Rc1 h6 12. a3 a5 13. Re1 Qe7 14. a4 Ba3 15. Bxa3 Qxa3 16. Nxd7 Nxd7 17. f3 Qe7 18. e4 Bh7 19. Bd3 dxe4 20. Nxe4 Nf6 21. Nxf6+ Qxf6 22. Bxh7+ Kxh7 23. Qd3+ Qg6 24. Qc3 Red8 25. Rcd1 Qf6 26. Re2 Rd7 27. Red2 Kg8 28. Rd3 c5 29. Qd2 Qf5 30. d5 Rad8 31. Qxa5 exd5 32. cxd5 Rxd5 33. Rxd5 Rxd5 34. Rxd5 Qxd5 35. Qb5 Qd1+ 36. Kf2 Qd4+ 37. Kg3 Qe5+ 38. Kf2 Qd4+ 39. Kg3 Qd6+ 40. Kf2 b6 41. Ke2 Qe5+ 42. Kf2 Qd4+ 43. Ke2 Qe5+ 44. Kf2 Qe6 45. g3 Qd6 46. Ke2 g6 47. Kf2 h5 48. Ke2 h4 49. Kf2 h3 50. f4 Qd4+ 51. Kf3 Qd5+ 52. Ke3 Qg2 53. Qxb6 Qg1+ 54. Ke4 Qh1+ 55. Ke5 Qxh2 56. Qd8+ Kh7 57. Qh4+ Kg8 58. Qd8+ Kg7 59. Qf6+ Kg8 60. Qd8+ 1/2-1/2


[Site "https://www.chess.com"]

[Event "Titled Tuesday Blitz March 15 Late 2022"]
[White "Ardila, Oscar Humberto"]
[Black "Mickiewicz, Piotr"]
[WhiteFideId "4404742"]
[BlackFideId "1114891"]
[WhiteElo "1966"]
[BlackElo "2266"]
[Result "1-0"]
[Round "08"]
[TimeControl "180+1"]
[Date "2022.03.16"]
[WhiteClock "0:00:12"]
[BlackClock "0:00:08"]

1. d4 d5 2. c4 e6 3. Nc3 Nf6 4. Bg5 c6 5. e3 Nbd7 6. Nf3 Qa5 7. Qc2 Ne4 8. Bf4 Bb4 9. Rc1 O-O 10. Bd3 f5 11. O-O Ndf6 12. Ne5 Bd7 13. f3 Nxc3 14. bxc3 Be7 15. cxd5 cxd5 16. c4 Rac8 17. Qe2 Ba4 18. Rb1 b6 19. Rfc1 Ba3 20. Rf1 Rfd8 21. h4 dxc4 22. Bxc4 Nd5 23. Bxd5 exd5 24. Qd3 g6 25. h5 Rc3 26. Qe2 Rc2 27. Qe1 Qxe1 28. Rfxe1 gxh5 29. Kh2 Rdc8 30. Kg3 Rxa2 31. Ra1 Rcc2 32. Rxa2 Rxa2 33. Rh1 Be8 34. Bg5 Bd6 35. Bf6 a5 36. Kf4 Rxg2 37. Kxf5 Bxe5 38. Kxe5 Re2 39. Bg5 Bf7 40. Rc1 Kg7 41. Bf6+ Kg6 42. Rg1+ Kh6 43. Bg7# 1-0


[Site "https://www.chess.com"]

[Event "Titled Tuesday Blitz March 15 Late 2022"]
[White "Awoki, Daniel Teidi"]
[Black "Levitskiy, Andrey"]
[WhiteFideId "2100827"]
[BlackFideId "14132885"]
[WhiteElo "2023"]
[BlackElo "2301"]
[Result "1-0"]
[Round "08"]
[TimeControl "180+1"]
[Date "2022.03.16"]
[WhiteClock "0:00:50"]
[BlackClock "0:00:01"]

1. c4 Nf6 2. g3 c6 3. Bg2 d5 4. b3 Bf5 5. Bb2 e6 6. Nf3 Be7 7. O-O O-O 8. d3 h6 9. Nbd2 Nbd7 10. Ne5 Nxe5 11. Bxe5 Nd7 12. Bb2 Bf6 13. Qc2 a5 14. e4 Bh7 15. f4 Nc5 16. Bxf6 Qxf6 17. cxd5 Qd4+ 18. Kh1 Nxd3 19. Nf3 Qxe4 20. Ne5 Qe3 21. Rf3 Qd4 22. Rd1 Nf2+ 23. Rxf2 Qb6 24. Qd2 Rfd8 25. d6 a4 26. Nc4 Qc5 27. Qd4 Qb4 28. Nb6 Qxd4 29. Rxd4 axb3 30. Nxa8 Rxa8 31. d7 1-0


[Site "https://www.chess.com"]

[Event "Titled Tuesday Blitz March 15 Late 2022"]
[White "Badelka, Olga"]
[Black "Kujawski, Adam"]
[WhiteFideId "13509926"]
[BlackFideId "1100920"]
[WhiteElo "2165"]
[BlackElo "2053"]
[Result "1-0"]
[Round "08"]
[TimeControl "180+1"]
[Date "2022.03.16"]
[WhiteClock "0:00:48"]
[BlackClock "0:00:05"]

1. c4 e5 2. g3 h5 3. Bg2 h4 4. Nc3 d6 5. d4 h3 6. Bf3 Nc6 7. Bxc6+ bxc6 8. dxe5 Be6 9. exd6 cxd6 10. b3 Nf6 11. Nf3 d5 12. cxd5 Nxd5 13. Nxd5 Qxd5 14. Qxd5 Bxd5 15. Bb2 Bb4+ 16. Kd1 O-O-O 17. Kc1 Rhe8 18. Rd1 Rxe2 19. Ng5 Rxf2 20. Nxh3 Rxh2 21. Nf4 Rf2 22. Nxd5 Rxd5 23. Rxd5 cxd5 24. Bxg7 Ba3+ 25. Kd1 Kd7 26. Ke1 Rg2 27. Be5 Ke6 28. Bd4 a5 29. Kf1 Rd2 30. Bc3 Rd3 31. Bxa5 Rxg3 32. Re1+ Kf5 33. Bc7 Rd3 34. Ke2 Rd4 35. Rf1+ Ke6 36. Bb6 Re4+ 37. Kd3 Bd6 38. Bd4 f5 39. a4 Be5 40. Bxe5 Kxe5 41. a5 Rb4 42. Kc3 Rb8 43. b4 d4+ 44. Kc4 d3 45. a6 d2 46. b5 Rc8+ 47. Kd3 Rc1 48. Kxd2 Rxf1 49. a7 Ra1 50. b6 f4 51. b7 Rxa7 52. b8=Q+ Ke4 53. Qxa7 1-0


[Site "https://www.chess.com"]

[Event "Titled Tuesday Blitz March 15 Late 2022"]
[White "Bettalli, Francesco"]
[Black "Torres Hernandez, Leslie Carolin"]
[WhiteFideId "2816453"]
[BlackFideId "8400504"]
[WhiteElo "2216"]
[BlackElo "1920"]
[Result "1-0"]
[Round "08"]
[TimeControl "180+1"]
[Date "2022.03.16"]
[WhiteClock "0:02:19"]
[BlackClock "0:01:57"]

1. d4 Nf6 2. Nc3 e6 3. e4 d5 4. Bg5 Be7 5. e5 Nfd7 6. Bxe7 Qxe7 7. f4 a6 8. Nf3 c5 9. Bd3 Nc6 10. dxc5 Nxc5 11. O-O Bd7 12. Qd2 O-O-O 13. Ne2 Kb8 14. Ned4 Nxd4 15. Nxd4 g6 16. a3 Rc8 17. b4 Nxd3 18. cxd3 Qd8 19. Rac1 Qb6 20. Qf2 Ka7 21. Nb3 Bb5 22. Nc5 a5 23. Qd4 a4 24. Kf2 Rhd8 25. Ke3 Bc6 26. Rc3 Rg8 27. Rfc1 g5 28. g3 gxf4+ 29. Qxf4 Qc7 30. Nxa4 Rcd8 31. Qd4+ Kb8 32. Nc5 Rg5 33. Na6+ bxa6 34. Rxc6 Qxe5+ 35. Qxe5+ Rxe5+ 36. Kd4 Re2 37. Rxa6 Rxh2 38. Rcc6 Rg2 39. Rcb6+ Kc7 40. a4 Rxg3 41. a5 Rg4+ 42. Kc5 h5 43. Ra7+ Kc8 44. Rxf7 h4 45. Kc6 Re8 46. Rc7+ Kd8 47. Rb8# 1-0


[Site "https://www.chess.com"]

[Event "Titled Tuesday Blitz March 15 Late 2022"]
[White "Bluebaum, Matthias"]
[Black "Drozdowski, Kacper"]
[WhiteFideId "24651516"]
[BlackFideId "1136720"]
[WhiteElo "2550"]
[BlackElo "2507"]
[Result "1/2-1/2"]
[Round "08"]
[TimeControl "180+1"]
[Date "2022.03.15"]
[WhiteClock "0:00:04"]
[BlackClock "0:00:17"]

1. b3 e5 2. Bb2 Nc6 3. e3 Nf6 4. Nf3 e4 5. Nd4 Nxd4 6. Bxd4 c6 7. c4 d5 8. Nc3 Be7 9. cxd5 cxd5 10. Bb5+ Bd7 11. Bxd7+ Qxd7 12. d3 Qf5 13. dxe4 dxe4 14. O-O O-O 15. Qe2 a6 16. Rad1 Rac8 17. h3 h6 18. Bxf6 Bxf6 19. Nd5 Rfd8 20. Qg4 Qxg4 21. Nxf6+ gxf6 22. hxg4 Kg7 23. Kh2 Rxd1 24. Rxd1 Rc2 25. Kg3 Rxa2 26. Rd4 a5 27. b4 b5 28. bxa5 Rxa5 29. Rxe4 Ra8 30. Rb4 Rb8 31. f4 Kg6 32. Kf3 f5 33. gxf5+ Kxf5 34. g4+ Ke6 35. Ke4 Rb7 36. Rb1 b4 37. Rb3 f5+ 38. gxf5+ Kf6 39. Kf3 Kxf5 40. e4+ Kf6 41. Ke3 h5 42. Kd4 h4 43. Kc4 Rb8 44. Kd4 Ke6 45. Kc4 Kf6 46. Kd5 Rb5+ 47. Kc6 Rb8 48. Kc5 Rc8+ 49. Kd4 Rd8+ 50. Kc4 Rc8+ 51. Kd5 Rd8+ 52. Kc5 Rc8+ 53. Kd5 Rd8+ 54. Kc5 Rc8+ 1/2-1/2


[Site "https://www.chess.com"]

[Event "Titled Tuesday Blitz March 15 Late 2022"]
[White "Bok, Benjamin"]
[Black "Lysyj, Igor"]
[WhiteFideId "1017063"]
[BlackFideId "4150120"]
[WhiteElo "2658"]
[BlackElo "2611"]
[Result "0-1"]
[Round "08"]
[TimeControl "180+1"]
[Date "2022.03.15"]
[WhiteClock "0:00:05"]
[BlackClock "0:00:06"]

1. d4 Nf6 2. c4 e6 3. Nc3 Bb4 4. Qc2 O-O 5. a3 Bxc3+ 6. Qxc3 d5 7. Bg5 h6 8. Bxf6 Qxf6 9. Nf3 dxc4 10. Qxc4 Nc6 11. Qc3 Re8 12. Rd1 e5 13. d5 Nb8 14. e3 Bg4 15. Be2 Nd7 16. O-O Qd6 17. e4 a6 18. Rc1 Rac8 19. Rfd1 Nf6 20. Qe3 Bxf3 21. Bxf3 h5 22. g3 g6 23. Kg2 Kg7 24. Rc4 Red8 25. Qb3 Rb8 26. Qc3 Rd7 27. Rc1 Ne8 28. h4 Qf6 29. Qe3 b5 30. Rc6 Rd6 31. Qa7 Rb6 32. Rxb6 Rxb6 33. Qa8 Qe7 34. Qc8 Rd6 35. b4 Rb6 36. Rc6 Rxc6 37. dxc6 Qe6 38. Qxa6 Qc4 39. Qc8 Qxc6 40. Qd8 Nd6 41. Qg5 f6 42. Qe3 Qc2 43. Qe1 Nc4 44. Qa1 Nd2 45. Qe1 Nc4 46. Qf1 Nxa3 47. Qe1 Nc4 48. Kg1 Nd2 49. Bg2 Qb1 50. Qxb1 Nxb1 51. Bh3 Nc3 52. f3 Ne2+ 53. Kf2 Nd4 54. Bd7 Kf7 55. f4 Ke7 56. Bh3 Nc2 57. f5 gxf5 58. Bxf5 Nxb4 59. Bg6 c5 60. Bxh5 c4 61. Ke3 Na2 62. Be2 Nc3 63. Bf1 Na4 64. g4 Kf7 65. Be2 Nb6 66. Kd2 b4 67. Kc2 b3+ 68. Kb2 Na4+ 69. Ka3 b2 70. Ka2 Nc3+ 71. Kxb2 Nxe2 72. Kc2 Nf4 73. Kc3 Ng2 74. h5 Ne3 75. h6 Kg6 76. h7 Kxh7 77. g5 fxg5 78. Kd2 g4 79. Kc3 g3 0-1


[Site "https://www.chess.com"]

[Event "Titled Tuesday Blitz March 15 Late 2022"]
[White "Borodavkin, Anatoly"]
[Black "Koutlas, Nikolaos"]
[WhiteFideId "14150662"]
[BlackFideId "25827138"]
[WhiteElo "1845"]
[BlackElo "1610"]
[Result "1/2-1/2"]
[Round "08"]
[TimeControl "180+1"]
[Date "2022.03.16"]
[WhiteClock "0:00:05"]
[BlackClock "0:00:06"]

1. e4 e6 2. d4 d5 3. Nc3 dxe4 4. Nxe4 Be7 5. Nf3 Nf6 6. Nxf6+ Bxf6 7. c3 O-O 8. Bd3 b6 9. Be4 c6 10. O-O Qc7 11. Be3 Bb7 12. Qd2 Nd7 13. Bf4 e5 14. dxe5 Nxe5 15. Rfe1 Rad8 16. Qe3 Nxf3+ 17. Qxf3 Qc8 18. h3 Rfe8 19. Re3 Re6 20. Rae1 g6 21. Bc2 c5 22. Qg3 Rxe3 23. Rxe3 Kg7 24. Re1 Qd7 25. Be5 Qe6 26. Bxf6+ Qxf6 27. Qe3 Bc6 28. Bb3 a5 29. Qe7 Re8 30. Qxf6+ Kxf6 31. Rxe8 Bxe8 32. Kf1 Ke5 33. Ke2 f6 34. Ke3 g5 35. g3 a4 36. Bc2 h6 37. f4+ Kd6 38. fxg5 fxg5 39. Bf5 Ke5 40. Bd3 Bd7 41. h4 gxh4 42. gxh4 Bf5 43. Bb5 Bb1 44. Bxa4 Bxa2 45. Bd7 Bb1 46. Bc6 Bc2 47. Bd7 Kd5 48. Kd2 Bg6 49. Ke3 Bf7 50. Bb5 Ke5 51. Bd3 Be8 52. Bc4 b5 53. Bd3 b4 54. cxb4 cxb4 55. Bh7 Bb5 56. Bg8 Kf5 57. Kd4 Kg4 58. Kc5 Be2 59. Kxb4 Kxh4 60. Kc5 Kg3 61. b4 h5 62. b5 h4 63. b6 Ba6 64. Be6 h3 65. Bxh3 Kxh3 66. Kc6 Kg3 67. b7 Bxb7+ 1/2-1/2


[Site "https://www.chess.com"]

[Event "Titled Tuesday Blitz March 15 Late 2022"]
[White "Cagara, Paulina"]
[Black "Winkels, Marcel"]
[WhiteFideId "1124870"]
[BlackFideId "1003887"]
[WhiteElo "1780"]
[BlackElo "1900"]
[Result "0-1"]
[Round "08"]
[TimeControl "180+1"]
[Date "2022.03.16"]
[WhiteClock "0:00:36"]
[BlackClock "0:00:17"]

1. e4 g6 2. d4 Bg7 3. Be3 c6 4. Nc3 d5 5. e5 h5 6. Qd2 Nh6 7. h3 Nf5 8. Bg5 h4 9. O-O-O b5 10. g4 hxg3 11. fxg3 Nxg3 12. Rh2 b4 13. Nce2 Ne4 14. Qxb4 Nxg5 15. Nf4 e6 16. Bd3 Ne4 17. Bxe4 dxe4 18. Nge2 Bf8 19. Qa4 Be7 20. d5 exd5 21. Nxd5 Bg5+ 22. Kb1 Nd7 23. Qxc6 Rb8 24. e6 O-O 25. exf7+ Kg7 26. Rg2 Bh6 27. Nd4 Ne5 28. Ne6+ Bxe6 29. Qxe6 Nxf7 30. Qxg6+ Kh8 31. Nf6 Qxd1# 0-1


[Site "https://www.chess.com"]

[Event "Titled Tuesday Blitz March 15 Late 2022"]
[White "Chen, Justin"]
[Black "Shimanov, Aleksandr"]
[WhiteFideId "2098199"]
[BlackFideId "4198603"]
[WhiteElo "2502"]
[BlackElo "2636"]
[Result "0-1"]
[Round "08"]
[TimeControl "180+1"]
[Date "2022.03.15"]
[WhiteClock "0:00:12"]
[BlackClock "0:00:56"]

1. Nf3 Nf6 2. b3 d5 3. Bb2 Bf5 4. e3 h6 5. d4 e6 6. Bd3 c6 7. O-O Bd6 8. Bxf5 exf5 9. c4 O-O 10. Nc3 Nbd7 11. cxd5 cxd5 12. Rc1 a6 13. Ne1 Qe7 14. Qf3 Qe6 15. Nd3 Ne4 16. Nf4 Bxf4 17. Qxf4 Rac8 18. Nxe4 fxe4 19. Ba3 Rfe8 20. Qd6 Qxd6 21. Bxd6 f5 22. f3 exf3 23. gxf3 Kf7 24. Kf2 Ke6 25. Ba3 g5 26. Rxc8 Rxc8 27. Rc1 Rxc1 28. Bxc1 Nf6 29. Bd2 Kf7 30. Ba5 Kg6 31. Bd8 Nd7 32. Kg3 Nb8 33. Bb6 Nc6 34. Bc5 Nd8 35. Bd6 Nc6 36. Bc5 Kf6 37. Kf2 Nd8 38. Bf8 Nf7 39. Bc5 h5 40. Kg3 h4+ 41. Kf2 g4 42. Bb6 Kg6 43. Kg2 Ng5 44. f4 Ne4 45. Bd8 h3+ 46. Kg1 Kf7 47. Bb6 Ke7 48. Ba5 Kd6 49. Be1 Kc6 50. a4 Kb6 51. Kf1 a5 52. Kg1 Ka6 53. Kf1 b5 54. Kg1 bxa4 55. bxa4 Nd6 56. Kf2 Nc4 57. Bc3 Nb6 58. Kg3 Nxa4 59. Ba1 Kb5 60. Kh4 Kc4 61. Kg3 Nc3 62. e4 Nxe4+ 63. Kh4 a4 64. Bb2 Kb3 65. Bc1 a3 66. Bxa3 Kxa3 67. Kh5 g3 68. Kg6 gxh2 69. Kf7 h1=Q 70. Ke6 h2 71. Kf7 Qg2 72. Ke6 Qg6+ 73. Ke5 Qf6+ 74. Kxd5 Qd6+ 75. Kc4 Qc6+ 76. Kd3 Qc3+ 77. Ke2 Qd2+ 78. Kf3 Qf2# 0-1


[Site "https://www.chess.com"]

[Event "Titled Tuesday Blitz March 15 Late 2022"]
[White "Ciolek, Andreas"]
[Black "Prohorov, Olexandr"]
[WhiteFideId "12906727"]
[BlackFideId "14105578"]
[WhiteElo "2215"]
[BlackElo "1993"]
[Result "0-1"]
[Round "08"]
[TimeControl "180+1"]
[Date "2022.03.16"]
[WhiteClock "0:00:07"]
[BlackClock "0:00:20"]

1. e4 c5 2. Nf3 e6 3. c3 Nf6 4. e5 Nd5 5. g3 Nc6 6. Bg2 Qc7 7. d4 cxd4 8. cxd4 d6 9. O-O dxe5 10. dxe5 Be7 11. Re1 O-O 12. h4 Ncb4 13. Na3 a6 14. h5 b5 15. h6 g6 16. Bg5 Bb7 17. Rc1 Qd8 18. Bxe7 Qxe7 19. Qb3 Rfd8 20. Nc2 a5 21. a3 a4 22. Qxb4 Nxb4 23. Nxb4 Rac8 24. Nc2 Qf8 25. Ne3 Qxh6 26. Rb1 Qh5 27. g4 Qh6 28. b3 Qf4 29. bxa4 Bxf3 30. Rb4 Rd4 31. Rxd4 Qxd4 32. Bxf3 Qxa4 33. g5 Qxa3 34. Kg2 b4 35. Ng4 b3 36. Nf6+ Kf8 37. Nxh7+ Ke7 38. Nf6 b2 39. Rd1 Rd8 40. Rh1 Qa1 41. Be4 Qa5 42. Bxg6 Qxe5 43. Bxf7 Qxg5+ 44. Kf1 Qxf6 45. Rh7 b1=Q+ 46. Kg2 Qg5+ 47. Kf3 Qd3# 0-1


[Site "https://www.chess.com"]

[Event "Titled Tuesday Blitz March 15 Late 2022"]
[White "Clawitter, Craig"]
[Black "Jaskolka, Tomasz"]
[WhiteFideId "2023105"]
[BlackFideId "1170791"]
[WhiteElo "2231"]
[BlackElo "2073"]
[Result "0-1"]
[Round "08"]
[TimeControl "180+1"]
[Date "2022.03.16"]
[WhiteClock "0:00:37"]
[BlackClock "0:01:06"]

1. e4 e6 2. d4 d5 3. e5 c5 4. c3 Qb6 5. Nf3 Bd7 6. Bd3 Bb5 7. dxc5 Bxc5 8. b4 Bxf2+ 9. Ke2 Bxd3+ 10. Qxd3 f6 11. Rf1 fxe5 12. Nxe5 Bh4 13. Nf7 Nc6 14. Nxh8 Ne5 15. Qxh7 Qb5+ 16. Ke3 Qxf1 17. Qxg8+ Ke7 18. Qxg7+ Kd6 19. Nd2 Qf2# 0-1


[Site "https://www.chess.com"]

[Event "Titled Tuesday Blitz March 15 Late 2022"]
[White "Dauner, Benedikt"]
[Black "Zhou, Qiyu"]
[WhiteFideId "16225899"]
[BlackFideId "505161"]
[WhiteElo "2230"]
[BlackElo "1925"]
[Result "1-0"]
[Round "08"]
[TimeControl "180+1"]
[Date "2022.03.16"]
[WhiteClock "0:02:30"]
[BlackClock "0:00:24"]

1. d4 Nf6 2. Nf3 d5 3. Bg5 e6 4. Nbd2 Be7 5. e3 h6 6. Bh4 O-O 7. Bd3 c5 8. c3 Nc6 9. Qe2 cxd4 10. exd4 Nh5 11. Bxe7 Qxe7 12. g3 a6 13. Ne5 Nxe5 14. dxe5 g6 15. f4 Ng7 16. Nf3 Qc5 17. Nd4 b5 18. a3 Bd7 19. h4 a5 20. h5 gxh5 21. Rxh5 Nxh5 22. Qxh5 Kg7 23. Qg4+ Kh8 24. Qh4 Kg7 25. Qf6+ Kg8 26. Qxh6 Rfc8 27. Bh7+ Kh8 28. Bg6+ 1-0


[Site "https://www.chess.com"]

[Event "Titled Tuesday Blitz March 15 Late 2022"]
[White "Deac, Bogdan-Daniel"]
[Black "Hess, Robert"]
[WhiteFideId "1226380"]
[BlackFideId "2022036"]
[WhiteElo "2646"]
[BlackElo "2557"]
[Result "1-0"]
[Round "08"]
[TimeControl "180+1"]
[Date "2022.03.15"]
[WhiteClock "0:00:13"]
[BlackClock "0:00:04"]

1. e4 g6 2. d4 Bg7 3. Nc3 d6 4. Be3 a6 5. g4 b5 6. Bg2 Bb7 7. h4 b4 8. Nce2 Nf6 9. Ng3 h5 10. gxh5 Nxh5 11. N1e2 Nxg3 12. Nxg3 c5 13. h5 Nc6 14. hxg6 Rxh1+ 15. Bxh1 fxg6 16. Qg4 Bxd4 17. Bxd4 Nxd4 18. O-O-O Qa5 19. e5 d5 20. Qxg6+ Kd7 21. Nf5 Qxa2 22. Nxd4 cxd4 23. Qg4+ Kc7 24. Qxd4 Qa1+ 25. Kd2 Qa5 26. Ke3 Qb6 27. Bxd5 Bxd5 28. Qxb6+ Kxb6 29. Rxd5 a5 30. b3 Kc6 31. Rd4 Kc5 32. Ke4 a4 33. bxa4 Rxa4 34. c3 Ra2 35. cxb4+ Kb5 36. f4 e6 37. Rd6 Re2+ 38. Kf3 Re1 39. Rxe6 Kxb4 40. Rc6 Kb5 41. Rc8 1-0


[Site "https://www.chess.com"]

[Event "Titled Tuesday Blitz March 15 Late 2022"]
[White "Desideri, Ricardo Maruchi"]
[Black "Perez Torres, Nabi Isaias"]
[WhiteFideId "2110440"]
[BlackFideId "5120373"]
[WhiteElo "1945"]
[BlackElo "1755"]
[Result "0-1"]
[Round "08"]
[TimeControl "180+1"]
[Date "2022.03.16"]
[WhiteClock "0:00:01"]
[BlackClock "0:00:16"]

1. e4 c5 2. Nf3 d6 3. d4 cxd4 4. Nxd4 Nf6 5. Nc3 g6 6. Be3 Bg7 7. Bc4 Nc6 8. Bb3 O-O 9. f3 Bd7 10. Qd2 Ne5 11. O-O-O Rc8 12. Kb1 a6 13. h4 h5 14. Bh6 Kh7 15. Bxg7 Kxg7 16. Qg5 Rc5 17. Nf5+ Bxf5 18. exf5 Ned7 19. g4 Rh8 20. Bxf7 Kxf7 21. Qxg6+ Kf8 22. g5 Ne5 23. Ne4 Nxe4 24. Qe6 Nf2 25. g6 Nxh1 26. Rg1 Kg7 27. f4 Qd7 28. Qb3 Qxf5 29. fxe5 Rf8 30. a3 Nf2 31. exd6 exd6 0-1


[Site "https://www.chess.com"]

[Event "Titled Tuesday Blitz March 15 Late 2022"]
[White "Donatti, Alvaro"]
[Black "Kostiukov, Alexandr"]
[WhiteFideId "3000303"]
[BlackFideId "14108100"]
[WhiteElo "2138"]
[BlackElo "2202"]
[Result "0-1"]
[Round "08"]
[TimeControl "180+1"]
[Date "2022.03.16"]
[WhiteClock "0:00:02"]
[BlackClock "0:00:07"]

1. e4 c5 2. Nf3 g6 3. d4 cxd4 4. Nxd4 Bg7 5. Nc3 Nc6 6. Be3 Nf6 7. Be2 O-O 8. Qd2 d5 9. exd5 Nb4 10. d6 Qxd6 11. O-O Ng4 12. Bxg4 Bxg4 13. Ne4 Qe5 14. f3 Nd5 15. Bf2 Bd7 16. Nc5 Bc8 17. Rae1 Qc7 18. Nb5 Qc6 19. c4 Nb6 20. b3 a6 21. Nc3 Bf5 22. Rxe7 Rad8 23. Qe3 Bd4 24. Qxd4 Rxd4 25. Bxd4 Qd6 26. N5e4 Qxd4+ 27. Kh1 Bxe4 28. Nxe4 Qd3 29. Re1 Nc8 30. Nf6+ Kg7 31. Ne8+ Rxe8 32. Rxe8 Nd6 33. R8e7 Nf5 34. Rxb7 Qd2 35. Rg1 Qxa2 36. h3 Nd4 37. Rd1 Ne2 38. Rdd7 Qb1+ 39. Kh2 Qg1# 0-1


[Site "https://www.chess.com"]

[Event "Titled Tuesday Blitz March 15 Late 2022"]
[White "Dubov, Daniil"]
[Black "Maghsoodloo, Parham"]
[WhiteFideId "24126055"]
[BlackFideId "12539929"]
[WhiteElo "2791"]
[BlackElo "2630"]
[Result "0-1"]
[Round "08"]
[TimeControl "180+1"]
[Date "2022.03.15"]
[WhiteClock "0:00:02"]
[BlackClock "0:00:10"]

1. d4 d5 2. Nf3 Nf6 3. c4 e6 4. g3 Be7 5. Bg2 O-O 6. O-O Nbd7 7. Qc2 c6 8. Rd1 b6 9. Nbd2 Bb7 10. e4 dxc4 11. Nxc4 c5 12. d5 exd5 13. exd5 Bxd5 14. Bg5 Qc7 15. Ne3 Be4 16. Qa4 Rfe8 17. Nh4 Bxg2 18. Kxg2 g6 19. Kg1 Rad8 20. Nf3 Qb7 21. Qf4 Nh5 22. Qg4 Ndf6 23. Bxf6 Nxf6 24. Qf4 Qe4 25. Qxe4 Nxe4 26. Nd5 Bf6 27. Nxf6+ Nxf6 28. Kf1 Kf8 29. a4 Nd5 30. Rd2 Nb4 31. Rad1 Rxd2 32. Rxd2 Ke7 33. Re2+ Kd8 34. Rd2+ Kc7 35. Ng5 Nc6 36. Nxh7 Re4 37. Nf6 Rxa4 38. Rd7+ Kc8 39. Rxf7 Ra2 40. Nd5 Nb4 41. Ne7+ Kd7 42. Nxg6+ Ke6 43. Rf8 Rxb2 44. h4 c4 45. h5 c3 46. h6 c2 47. Rc8 Rb1+ 48. Kg2 c1=Q 49. Rxc1 Rxc1 50. h7 Rc8 51. h8=Q Rxh8 52. Nxh8 a5 53. Ng6 Nd5 54. Nh4 a4 55. Nf3 a3 56. Nd4+ Ke5 57. Nb3 Ke4 58. g4 Kd3 59. g5 Kc2 60. Nd4+ Kb2 61. g6 Nf4+ 62. Kf3 Nxg6 0-1


[Site "https://www.chess.com"]

[Event "Titled Tuesday Blitz March 15 Late 2022"]
[White "Eames, Robert S"]
[Black "Vine, Elzbieta"]
[WhiteFideId "408743"]
[BlackFideId "1119320"]
[WhiteElo "2105"]
[BlackElo "1841"]
[Result "1-0"]
[Round "08"]
[TimeControl "180+1"]
[Date "2022.03.16"]
[WhiteClock "0:00:05"]
[BlackClock "0:00:01"]

1. e4 c5 2. Nc3 a6 3. g3 Nc6 4. Bg2 e6 5. d3 b5 6. Nh3 b4 7. Ne2 Bb7 8. O-O Nf6 9. f4 d5 10. e5 Ng4 11. Bf3 h5 12. Ng5 Qd7 13. h3 f6 14. hxg4 fxg5 15. gxh5 gxf4 16. Bxf4 O-O-O 17. a3 Be7 18. axb4 cxb4 19. c3 g5 20. Be3 Nxe5 21. Bd4 Nxf3+ 22. Rxf3 Rxh5 23. cxb4 Bxb4 24. Qb3 Qe7 25. Bf6 Qc5+ 26. d4 Qb5 27. Rc1+ Bc6 28. Rxc6+ Qxc6 29. Bxd8 Qb5 30. Nc3 Bxc3 31. Qxc3+ Kxd8 32. Rf8+ Ke7 33. Qa3+ Kd7 34. Rf7+ Kc6 35. Qc3+ Qc4 36. Qxc4+ dxc4 37. Re7 1-0


[Site "https://www.chess.com"]

[Event "Titled Tuesday Blitz March 15 Late 2022"]
[White "Elissalt Cardenas, Hector"]
[Black "Morris-Suzuki, Sophie"]
[WhiteFideId "3500632"]
[BlackFideId "30922615"]
[WhiteElo "2159"]
[BlackElo "2469"]
[Result "1/2-1/2"]
[Round "08"]
[TimeControl "180+1"]
[Date "2022.03.16"]
[WhiteClock "0:00:07"]
[BlackClock "0:00:05"]

1. d4 d5 2. Bf4 e6 3. e3 Bd6 4. Bg3 Nf6 5. Nf3 O-O 6. Nbd2 c5 7. c3 Nc6 8. Bd3 b6 9. e4 Be7 10. e5 Nd7 11. h4 f5 12. exf6 Nxf6 13. O-O Nh5 14. Ne5 Nxe5 15. Bxh7+ Kxh7 16. Qxh5+ Kg8 17. Bxe5 Bxh4 18. Nf3 Bf6 19. Rfe1 Bd7 20. Qg6 Be8 21. Qg3 Bh5 22. Bxf6 Qxf6 23. Ne5 Rad8 24. f3 Qh6 25. Qf2 Rc8 26. g4 Be8 27. Kg2 cxd4 28. Qxd4 Rf4 29. Qe3 d4 30. cxd4 Rc2+ 31. Re2 Rxe2+ 32. Qxe2 Rxd4 33. Rd1 Bb5 34. Qe1 Qf4 35. Rxd4 Qxd4 36. Kg3 Qxb2 37. Qe3 Qxa2 38. Qf4 Be8 39. Qg5 Qd5 40. f4 b5 41. Qe7 Bc6 42. g5 Qg2+ 43. Kh4 Qh2+ 44. Kg4 Qg2+ 45. Kh4 Qh2+ 46. Kg4 Qg2+ 47. Kh4 1/2-1/2


[Site "https://www.chess.com"]

[Event "Titled Tuesday Blitz March 15 Late 2022"]
[White "Ezat, Mohamed"]
[Black "Martin Barcelo, Carles"]
[WhiteFideId "10600906"]
[BlackFideId "24561444"]
[WhiteElo "2386"]
[BlackElo "1875"]
[Result "0-1"]
[Round "08"]
[TimeControl "180+1"]
[Date "2022.03.16"]
[WhiteClock "0:00:12"]
[BlackClock "0:00:03"]

1. e4 e6 2. d4 d5 3. Nc3 dxe4 4. Nxe4 Nd7 5. Nf3 Ngf6 6. Ng3 Be7 7. Bd3 O-O 8. Qe2 c5 9. Bg5 cxd4 10. O-O-O Qa5 11. Kb1 b6 12. Nf5 Bc5 13. Bxf6 Nxf6 14. N5xd4 Bb7 15. Nb3 Qa4 16. Nxc5 bxc5 17. Nd2 Rab8 18. b3 Qb4 19. Kb2 Nd5 20. Ne4 f5 21. c3 Qa5 22. Nd6 Qxc3+ 23. Kb1 Qf6 24. Rc1 Rfd8 25. Nxb7 Rxb7 26. Qb2 Qe7 27. Rhe1 Rdb8 28. Bc4 Qd6 29. Rcd1 a5 30. Rxe6 Nc3+ 31. Qxc3 Qxd1+ 32. Kb2 Kh8 33. Re1 Qd7 34. Qe3 a4 35. Kc2 axb3+ 36. axb3 Ra8 37. Kb2 Rba7 38. Qxc5 Ra2+ 39. Kc3 Qd2# 0-1


[Site "https://www.chess.com"]

[Event "Titled Tuesday Blitz March 15 Late 2022"]
[White "Farmani Anosheh, Armin"]
[Black "Postnikov, Daniil"]
[WhiteFideId "24613240"]
[BlackFideId "4166329"]
[WhiteElo "2289"]
[BlackElo "2261"]
[Result "1-0"]
[Round "08"]
[TimeControl "180+1"]
[Date "2022.03.16"]
[WhiteClock "0:00:22"]
[BlackClock "0:00:05"]

1. d4 f5 2. g3 Nf6 3. Bg2 g6 4. Nf3 Bg7 5. O-O O-O 6. b3 d6 7. Bb2 Nc6 8. d5 Nb8 9. c4 Na6 10. Nbd2 Bd7 11. Re1 Nc5 12. Qc2 Nce4 13. Nxe4 Nxe4 14. Bxg7 Kxg7 15. Nd4 Nf6 16. e4 f4 17. e5 Ng4 18. e6 Be8 19. Nf3 Kg8 20. Qd2 b5 21. Re4 bxc4 22. bxc4 Qb8 23. Rxf4 Rxf4 24. Qxf4 Nxf2 25. Qd4 Qb4 26. Qxf2 Qxc4 27. Nd2 Qc5 28. Qxc5 dxc5 29. d6 Rd8 30. d7 Bxd7 31. exd7 Rxd7 32. Nc4 Rd4 33. Rc1 Kg7 34. Kf2 Kf6 35. Ke3 e5 36. Be4 Rd8 37. Nd2 Ke6 38. Rxc5 1-0


[Site "https://www.chess.com"]